 Dungeon Crawl Stone Soup version 0.31-a0-702-gf82c85558f (webtiles) character file.

Game seed: 12404014812250917774

9191 qw the Skirmisher (level 11, -11/71 HPs)
             Began as a Gargoyle Hunter on Sept 7, 2023.
             Was a Believer of Okawaru.
             Collided with a stone wall (18 damage)
             ... caused by a wretched star
             ... on level 1 of the Abyss.
             The game lasted 00:04:42 (9003 turns).

qw the Skirmisher (Gargoyle Hunter)                 Turns: 9003, Time: 00:04:43

Health: -11/71     AC: 24    Str: 10    XL:     11   Next: 42%
Magic:  12/14      EV: 21    Int: 14    God:    Okawaru [**....]
Gold:   669        SH:  0    Dex: 19    Spells: 10/10 levels left

rFire   . . .        Y - +1 orcbow
rCold   + . .        (shield currently unavailable)
rNeg    + + .        m - +2 ring mail {rC+}
rPois   inf          b - +0 helmet
rElec   +            p - +0 cloak
rCorr   .            d - +0 pair of fencer's gloves {Riposte Dex+3}
SInv    .            e - +1 pair of boots
Will    .....        i - amulet of the acrobat
Stlth   +++          q - +5 ring of evasion
HPRegen 0.31/turn    r - ring of positive energy
MPRegen 0.14/turn

%: acrobat
@: heroic
A: sickness immunity, AC +8, negative energy resistance 1, electricity
resistance, torment resistance 1, petrification resistance, claws 1, clever 1,
weak 1[+1]
a: Renounce Religion, Heroism


You were on level 1 of the Abyss.
You worshipped Okawaru.
Okawaru was pleased with you.
You visited 2 branches of the dungeon, and saw 11 of its levels.
You visited the Abyss 1 time.

You collected 669 gold pieces.


Innate Abilities, Weirdness & Mutations

You are immune to sickness and miasma.
Your stone body is resilient. (AC +8)
You are immune to poison.
You resist negative energy. (rN+)
You are resistant to electric shocks. (rElec)
You are resistant to unholy torment.
You are immune to petrification.
You have sharp fingernails.
Your mind is acute. (Int +4, Str/Dex -1)
[You are very weak. (Str -4)]


   Skills:
 - Level 9.0(14.0) Fighting
 + Level 13.7(18.7) Ranged Weapons
 - Level 5.0(10.0) Armour
 - Level 5.0(10.0) Dodging
 - Level 1.1(6.1) Stealth
 - Level 4.0 Invocations


You had 10 spell levels left.
You didn't know any spells.
Your spell library was empty.

Inventory:

Hand Weapons
 Y - a +1 orcbow (weapon)
Armour
 a - the +2 robe of the Exiled Interlopers {Int+3 Dex+3}
   (You acquired it on level 1 of the Dungeon)

   Int+3:     It affects your intelligence (+3).
   Dex+3:     It affects your dexterity (+3).
 b - a +0 helmet (worn)
 d - the +0 pair of fencer's gloves (worn) {Riposte Dex+3}
   (You acquired it on level 2 of the Dungeon)

   Riposte:   It allows the wearer to riposte with melee weapons, swiftly
   retaliating against missed or blocked melee attacks.
   Dex+3:     It affects your dexterity (+3).
 e - a +1 pair of boots (worn)
 g - a scarf of repulsion
 m - a +2 ring mail of cold resistance (worn)
 p - a +0 cloak (worn)
Jewellery
 i - an amulet of the acrobat (around neck)
 o - a ring of ice
 q - a +5 ring of evasion (left hand)
 r - a ring of positive energy (right hand)
Wands
 u - a wand of digging (4)
Scrolls
 h - a scroll of identify
Potions
 c - a potion of might
 f - 3 potions of heal wounds
 j - 3 potions of curing
 k - a potion of mutation
 l - a potion of ambrosia {unknown}
 t - a potion of brilliance {unknown}

Dungeon Overview and Level Annotations

Branches:
Dungeon (10/15)            Temple (1/1) D:7            Lair (0/5) D:10
    Orc (0/2) D:9

Altars:
Ashenzari
Cheibriados
Dithmenos
Elyvilon
Fedhas
Gozag
Hepliaklqana
Kikubaaqudgha
Makhleb
Nemelex Xobeh
Okawaru
Qazlal
Ru
Sif Muna
Trog
Uskayaw
Vehumet
Wu Jian
Xom
Yredelemnul
Zin
The Shining One

Shops:
D:8 =

Annotations:
D:10 Erolcha


Message History

The smoke demon is heavily wounded.
You are covered in liquid flames!
The smoke demon gestures at you. The ball of steam hits you.
8997 ||| INVOKING Heroism.
You gain the combat prowess of a mighty hero.
You are engulfed in a cloud of scalding steam.
You are covered in liquid flames!
The smoke demon hits you but does no damage. x2
The smoke demon barely misses you.
You shoot an arrow. The arrow hits the smoke demon.
The smoke demon is severely wounded.
You are engulfed in a cloud of scalding steam.
You are covered in liquid flames!
The smoke demon closely misses you. x2; The smoke demon completely misses you.
You shoot an arrow. The arrow hits the smoke demon!
The smoke demon is almost dead.
You are engulfed in a cloud of scalding steam.
You are covered in liquid flames!
The smoke demon gestures at you. The ball of steam hits you!
You shoot an arrow. The arrow hits the smoke demon.
You kill the smoke demon!
Okawaru is honoured by your kill.
You are engulfed in a cloud of scalding steam.
A wretched star comes into view.
You shoot an arrow.
The arrow barely misses the wretched star.
You are engulfed in a cloud of scalding steam.
The wretched star pulses with an eldritch light!
You feel weaker.
You shoot an arrow. The arrow hits the wretched star!
The wretched star is moderately damaged.
You shoot an arrow. The arrow hits the wretched star!
The wretched star is heavily damaged.
The wretched star glows turbulently.
The lance of force hits you!!
You are knocked back by the lance of force.
You slam into the stone wall!
You die...

. ###.# #...#
# #.#.# ...#
#. .. ####*..
.....### # .
#.¤.¤####. #
#.@.¤...#.. #
#...#.##.#.#.
###.##.. ## #
.. #.## . .#
# # .### .. #
# .. #.# ## #
# ## #


You could see a wretched star.

Vanquished Creatures
  An eye of devastation (Abyss:1)
  A smoke demon (Abyss:1)
  A gargoyle (D:10)
  A kobold demonologist (D:10)
  Psyche (D:9)
  An ancient zyme (Abyss:1)
  A troll (D:10)
  2 hornets
  Grinder (D:3)
  A vampire (D:9)
  4 yaks (D:9)
  2 wraiths
  Grum (D:9)
  2 steam dragons (D:7)
  A neqoxec (Abyss:1)
  An acid dragon (D:9)
  3 water moccasins
  3 orc warriors
  An ice beast (D:6)
  A black bear (D:4)
  An ogre (D:5)
  4 wolves (D:9)
  6 centaurs
  2 phantoms
  3 kobold brigands
  4 bullfrogs
  3 scorpions
  9 wights
  2 small abominations (Abyss:1)
  16 killer bees
  7 howler monkeys
  5 hounds
  4 orc priests
  A jelly (D:8)
  7 iguanas
  20 orc wizards
  6 adders
  2 white imps
  An ufetubus (D:6)
  5 worms
  A dart slug (D:1)
  27 orcs
  5 endoplasms
  4 giant cockroaches
  5 goblins
  7 hobgoblins
  4 jackals (D:1)
  5 quokkas
  10 ball pythons
  3 bats (D:1)
  2 frilled lizards
  15 kobolds
  4 rats
230 creatures vanquished.

Vanquished Creatures (others)
  A killer bee (D:9)
1 creature vanquished.

Grand Total: 231 creatures vanquished

Notes
Turn   | Place    | Note
-------+----------+-------------------------------------------
     0 | D:1      | qw the Gargoyle Hunter began the quest for the Orb.
     0 | D:1      | Reached XP level 1. HP: 12/12 MP: 1/1
     0 | D:1      | 0 ||| qw: Version: 0.3-a-76-g4403597
     0 | D:1      | 0 ||| qw: Game counter: 788
     0 | D:1      | 0 ||| qw: Melee chars always use a shield: true
     0 | D:1      | 0 ||| qw: God list: Okawaru
     0 | D:1      | 0 ||| qw: Allow faded altars: false
     0 | D:1      | 0 ||| qw: Do Orc after clearing Dungeon:15 true
     0 | D:1      | 0 ||| qw: Do second Lair branch before Depths: true
     0 | D:1      | 0 ||| qw: Lair rune preference: random
     0 | D:1      | 0 ||| qw: Goals: Normal
     0 | D:1      | 0 ||| PLANNING D:1-11
   307 | D:1      | Reached XP level 2. HP: 17/17 MP: 2/2
   898 | D:1      | 898 ||| UPGRADING to amulet of guardian spirit.
   903 | D:1      | 903 ||| READING scroll labelled WAULYA SIDD.
   904 | D:1      | 904 ||| READING 3 scrolls labelled UGRALA WAULESA.
   905 | D:1      | 905 ||| READING scroll labelled AGIPRU MELALUN.
   906 | D:1      | 906 ||| READING scroll labelled UCHIFE YQIMYOGH.
   906 | D:1      | Identified a scroll of acquirement
   906 | D:1      | 906 ||| ACQUIRING +2 robe of the Exiled Interlopers {Int+3
                  | Dex+3}
   906 | D:1      | Acquired the +2 robe of the Exiled Interlopers {Int+3
                  | Dex+3}
   908 | D:1      | 908 ||| UPGRADING to +2 robe of the Exiled Interlopers
                  | {Int+3 Dex+3}.
   918 | D:1      | 918 ||| DROPPING +0 leather armour.
   919 | D:1      | 919 ||| READING scroll labelled WITZASSYKUCS.
   920 | D:1      | 920 ||| READING 2 scrolls of identify.
   920 | D:1      | 920 ||| IDENTIFYING ruby potion
   921 | D:1      | 921 ||| DROPPING scroll of butterflies.
   949 | D:2      | Reached XP level 3. HP: 21/21 MP: 3/3
   953 | D:2      | 953 ||| STAIRDANCE
   958 | D:1      | Reached skill level 5 in Ranged Weapons
   960 | D:2      | 960 ||| STAIRDANCE
  1058 | D:2      | 1058 ||| READING scroll of acquirement.
  1058 | D:2      | 1058 ||| ACQUIRING +0 pair of fencer's gloves {Riposte
                  | Dex+3}
  1058 | D:2      | Acquired the +0 pair of fencer's gloves {Riposte Dex+3}
  1058 | D:2      | Found the +0 pair of fencer's gloves {Riposte Dex+3}
  1060 | D:2      | 1060 ||| UPGRADING to +0 pair of fencer's gloves {Riposte
                  | Dex+3}.
  1103 | D:2      | Reached skill level 3 in Fighting
  1194 | D:2      | Reached XP level 4. HP: 28/28 MP: 4/4
  1347 | D:2      | Found a faded altar of an unknown god.
  1507 | D:2      | 1507 ||| READING scroll labelled VONGA DABRIEN.
  1523 | D:2      | 1523 ||| READING 2 scrolls labelled OTOHOSTR UDEPLECA.
  1524 | D:2      | 1524 ||| DRINKING 2 bubbling amethyst potions.
  1554 | D:2      | 1554 ||| DROPPING scroll of fear.
  1555 | D:2      | 1555 ||| DROPPING potion of lignification.
  1591 | D:3      | Found a blossoming altar of Fedhas.
  1850 | D:3      | Reached XP level 5. HP: 25/32 MP: 3/5
  1933 | D:3      | Noticed Grinder
  1962 | D:3      | Killed Grinder
  1963 | D:3      | Reached skill level 7 in Ranged Weapons
  1963 | D:3      | Reached XP level 6. HP: 12/37 MP: 1/6
  2124 | D:3      | 2124 ||| UPGRADING to +0 helmet.
  2129 | D:3      | 2129 ||| DRINKING 3 amethyst potions.
  2130 | D:3      | 2130 ||| READING 2 scrolls of identify.
  2130 | D:3      | 2130 ||| IDENTIFYING metallic emerald potion
  2131 | D:3      | 2131 ||| DROPPING potion of berserk rage.
  2160 | D:4      | Noticed a black bear
  2166 | D:4      | Killed a black bear
  2239 | D:4      | Reached skill level 1 in Armour
  2239 | D:4      | Reached XP level 7. HP: 27/41 MP: 5/7
  2709 | D:4      | 2709 ||| DRINKING 3 potions of curing.
  2709 | D:4      | 2709 ||| (to cure confusion)
  2722 | D:4      | 2722 ||| UPGRADING to +0 pair of boots.
  2727 | D:4      | 2727 ||| READING scroll labelled NAJEOT KYTHRU.
  2770 | D:5      | Entered Level 5 of the Dungeon
  2772 | D:5      | 2772 ||| STAIRDANCE
  2795 | D:5      | 2795 ||| STAIRDANCE
  3301 | D:5      | 3301 ||| RETREATING.
  3303 | D:5      | 3303 ||| Stepping ~*~*~tactically~*~*~ (retreating).
  3314 | D:5      | Reached skill level 8 in Ranged Weapons
  3339 | D:5      | Reached XP level 8. HP: 29/49 MP: 5/8
  3712 | D:5      | Reached skill level 9 in Ranged Weapons
  4010 | D:5      | 4010 ||| UPGRADING to +5 ring of evasion.
  4011 | D:5      | 4011 ||| READING scroll labelled BIGARO VUMEJU.
  4016 | D:5      | 4016 ||| DRINKING 2 sedimented brown potions.
  4016 | D:5      | Gained mutation: You have sharp fingernails. [potion of
                  | mutation]
  4016 | D:5      | Gained mutation: [You are weak. (Str -2)] [potion of
                  | mutation]
  4016 | D:5      | Gained mutation: Your mind is acute. (Int +4, Str/Dex -1)
                  | [potion of mutation]
  4049 | D:6      | 4049 ||| RETREATING.
  4066 | D:6      | Reached skill level 3 in Dodging
  4111 | D:6      | Reached skill level 6 in Fighting
  4556 | D:6      | Reached skill level 10 in Ranged Weapons
  4556 | D:6      | Reached XP level 9. HP: 54/55 MP: 9/9
  4876 | D:6      | 4876 ||| UPGRADING to +0 cloak.
  4881 | D:6      | 4881 ||| READING 2 scrolls labelled QAICROJUMA.
  4882 | D:6      | 4882 ||| READING scroll of enchant weapon.
  4882 | D:6      | 4882 ||| ENCHANTING +1 shortbow.
  4883 | D:6      | 4883 ||| DRINKING 2 bubbling green potions.
  4884 | D:6      | 4884 ||| DROPPING potion of attraction.
  4901 | D:7      | 4901 ||| Stepping ~*~*~tactically~*~*~ (retreating).
  5023 | D:7      | 5023 ||| SWAPPING to +0 orcbow.
  5024 | D:7      | 5024 ||| DROPPING +2 shortbow.
  5410 | D:7      | 5410 ||| Stepping ~*~*~tactically~*~*~ (retreating).
  5411 | D:7      | 5411 ||| Stepping ~*~*~tactically~*~*~ (retreating).
  5412 | D:7      | 5412 ||| Stepping ~*~*~tactically~*~*~ (retreating).
  5423 | D:7      | Reached skill level 11 in Ranged Weapons
  5524 | D:7      | Found a staircase to the Ecumenical Temple.
  5525 | D:7      | 5525 ||| PLANNING TEMPLE
  5525 | D:7      | 5525 ||| UPGRADING to ring of positive energy.
  5535 | Temple   | Entered the Ecumenical Temple
  5536 | Temple   | 5536 ||| PLANNING OKAWARU WORSHIP
  5554 | Temple   | Became a worshipper of Warmaster Okawaru
  5555 | Temple   | 5555 ||| PLANNING D:1-11
  5555 | Temple   | 5555 ||| REMOVING amulet of guardian spirit.
  5560 | Temple   | 5560 ||| DROPPING amulet of guardian spirit.
  5844 | D:7      | 5844 ||| UPGRADING to +1 pair of boots.
  5854 | D:7      | 5854 ||| DROPPING +0 pair of boots.
  5943 | D:8      | 5943 ||| FLEEEEING.
  5944 | D:8      | 5944 ||| FLEEEEING.
  5965 | D:8      | 5965 ||| Stepping ~*~*~tactically~*~*~ (retreating).
  5966 | D:8      | 5966 ||| Stepping ~*~*~tactically~*~*~ (retreating).
  5967 | D:8      | 5967 ||| Stepping ~*~*~tactically~*~*~ (retreating).
  5968 | D:8      | 5968 ||| Stepping ~*~*~tactically~*~*~ (retreating).
  6099 | D:8      | 6099 ||| Stepping ~*~*~tactically~*~*~ (retreating).
  6100 | D:8      | 6100 ||| Stepping ~*~*~tactically~*~*~ (retreating).
  6101 | D:8      | 6101 ||| Stepping ~*~*~tactically~*~*~ (retreating).
  6102 | D:8      | 6102 ||| Stepping ~*~*~tactically~*~*~ (retreating).
  6103 | D:8      | 6103 ||| Stepping ~*~*~tactically~*~*~ (retreating).
  6104 | D:8      | 6104 ||| Stepping ~*~*~tactically~*~*~ (retreating).
  6105 | D:8      | 6105 ||| Stepping ~*~*~tactically~*~*~ (retreating).
  6106 | D:8      | 6106 ||| Stepping ~*~*~tactically~*~*~ (retreating).
  6111 | D:8      | Reached XP level 10. HP: 64/64 MP: 10/10
  6162 | D:8      | 6162 ||| DRINKING 6 potions of curing.
  6162 | D:8      | 6162 ||| (to cure confusion)
  6165 | D:8      | 6165 ||| DRINKING 5 potions of curing.
  6165 | D:8      | 6165 ||| (to cure confusion)
  6182 | D:8      | 6182 ||| DRINKING 4 potions of curing.
  6182 | D:8      | 6182 ||| (to cure confusion)
  6188 | D:8      | HP: 16/64 [orc wizard/+0 dagger (4)]
  6189 | D:8      | 6189 ||| READING 2 scrolls of teleportation.
  6190 | D:8      | 6190 ||| DRINKING 5 potions of heal wounds.
  6193 | D:8      | Reached * piety under Okawaru
  6194 | D:8      | 6194 ||| INVOKING Heroism.
  6516 | D:8      | Found Razuta's Jewellery Boutique.
  6527 | D:8      | 6527 ||| SHOPLISTING +6 ring of strength (576 gold, have
                  | 444).
  6527 | D:8      | 6527 ||| SHOPLISTING amulet of reflection (480 gold, have
                  | 444).
  6527 | D:8      | 6527 ||| SHOPLISTING ring "Cesafow" {rPois rC+} (579 gold,
                  | have 444).
  6527 | D:8      | 6527 ||| SHOPLISTING ring of Mistrust {rF- Str-5 Int+7
                  | Dex+6} (643 gold, have 444).
  6527 | D:8      | 6527 ||| SHOPLISTING ring of Qemon {rElec rC+ rN+} (656
                  | gold, have 444).
  6664 | D:8      | 6664 ||| READING scroll labelled RUPHEL DYSAUM.
  6665 | D:8      | 6665 ||| READING scroll labelled JIENGU YGRORE.
  6666 | D:8      | 6666 ||| DRINKING 2 grey potions.
  6667 | D:8      | 6667 ||| DROPPING potion of invisibility.
  6723 | D:9      | 6723 ||| RETREATING.
  6725 | D:9      | 6725 ||| RETREATING.
  6734 | D:9      | Reached skill level 12 in Ranged Weapons
  6740 | D:9      | 6740 ||| INVOKING Heroism.
  6749 | D:9      | Reached skill level 3 in Armour
  6753 | D:9      | Reached skill level 1 in Invocations
  6860 | D:9      | Found a white marble altar of Elyvilon.
  6860 | D:9      | Found a radiant altar of Vehumet.
  6897 | D:9      | 6897 ||| DRINKING 3 potions of curing.
  6897 | D:9      | 6897 ||| (to cure confusion)
  6953 | D:9      | 6953 ||| INVOKING Heroism.
  6960 | D:9      | Noticed Psyche
  6964 | D:9      | Reached skill level 3 in Invocations
  6968 | D:9      | Paralysed by something for 5 turns
  6976 | D:9      | 6976 ||| Stepping randomly (disturbance).
  6978 | D:9      | 6978 ||| Stepping randomly (disturbance).
  6978 | D:9      | Paralysed by something for 4 turns
  6981 | D:9      | HP: 16/64 [something (20)]
  6983 | D:9      | 6983 ||| Stepping randomly (disturbance).
  6985 | D:9      | 6985 ||| Stepping randomly (disturbance).
  6987 | D:9      | 6987 ||| Stepping randomly (disturbance).
  6988 | D:9      | 6988 ||| Stepping randomly (disturbance).
  6991 | D:9      | HP: 8/64 [something (5)]
  6993 | D:9      | 6993 ||| Stepping randomly (disturbance).
  6994 | D:9      | 6994 ||| Stepping randomly (disturbance).
  6996 | D:9      | 6996 ||| Stepping randomly (disturbance).
  6998 | D:9      | 6998 ||| Stepping randomly (disturbance).
  6998 | D:9      | HP: 1/64 [something (4)]
  6999 | D:9      | 6999 ||| Stepping randomly (disturbance).
  7000 | D:9      | 7000 ||| Stepping randomly (disturbance).
  7002 | D:9      | 7002 ||| Stepping randomly (disturbance).
  7003 | D:9      | 7003 ||| Stepping randomly (disturbance).
  7005 | D:9      | 7005 ||| Stepping randomly (disturbance).
  7006 | D:9      | 7006 ||| Stepping randomly (disturbance).
  7010 | D:9      | 7010 ||| READING scroll of teleportation.
  7011 | D:9      | 7011 ||| DRINKING 4 potions of heal wounds.
  7012 | D:9      | 7012 ||| INVOKING Heroism.
  7015 | D:9      | 7015 ||| RETREATING.
  7025 | D:9      | Noticed Grum
  7046 | D:9      | Reached ** piety under Okawaru
  7049 | D:9      | 7049 ||| INVOKING Heroism.
  7053 | D:9      | Killed Grum
  7166 | D:9      | Found a staircase to the Orcish Mines.
  7220 | D:9      | 7220 ||| INVOKING Heroism.
  7340 | D:9      | 7340 ||| INVOKING Heroism.
  7346 | D:9      | 7346 ||| RETREATING.
  7356 | D:9      | Killed Psyche
  7636 | D:9      | 7636 ||| INVOKING Heroism.
  7640 | D:9      | 7640 ||| UPGRADING to +2 ring mail of cold resistance.
  7657 | D:9      | 7657 ||| INVOKING Heroism.
  7714 | D:9      | Found a shimmering blue altar of Sif Muna.
  7875 | D:9      | Reached XP level 11. HP: 68/68 MP: 14/14
  7897 | D:9      | 7897 ||| READING scroll of enchant weapon.
  7897 | D:9      | 7897 ||| ENCHANTING +0 orcbow.
  8046 | D:9      | 8046 ||| UPGRADING to amulet of the acrobat.
  8051 | D:9      | 8051 ||| READING scroll labelled NIMOFUUSOSCH.
  8052 | D:9      | 8052 ||| READING 3 scrolls of identify.
  8052 | D:9      | 8052 ||| IDENTIFYING yellow potion
  8053 | D:9      | 8053 ||| READING 2 scrolls of identify.
  8053 | D:9      | 8053 ||| IDENTIFYING metallic dark potion
  8054 | D:9      | 8054 ||| DROPPING potion of degeneration.
  8082 | D:10     | Entered Level 10 of the Dungeon
  8085 | D:10     | 8085 ||| Stepping ~*~*~tactically~*~*~ (outnumbered).
  8088 | D:10     | 8088 ||| Stepping ~*~*~tactically~*~*~ (outnumbered).
  8090 | D:10     | 8090 ||| Stepping ~*~*~tactically~*~*~ (outnumbered).
  8091 | D:10     | 8091 ||| Stepping ~*~*~tactically~*~*~ (outnumbered).
  8124 | D:10     | 8124 ||| INVOKING Heroism.
  8131 | D:10     | Reached skill level 13 in Ranged Weapons
  8150 | D:10     | 8150 ||| INVOKING Heroism.
  8174 | D:10     | 8174 ||| INVOKING Heroism.
  8184 | D:10     | Reached skill level 9 in Fighting
  8252 | D:10     | 8252 ||| INVOKING Heroism.
  8282 | D:10     | 8282 ||| FLEEEEING.
  8288 | D:10     | 8288 ||| STAIRDANCE
  8493 | D:10     | Found a hide-covered altar of Uskayaw.
  8498 | D:10     | Found a glowing silver altar of Zin.
  8562 | D:10     | Found a staircase to the Lair.
  8704 | D:10     | Noticed Erolcha
  8705 | D:10     | 8705 ||| INVOKING Heroism.
  8715 | Abyss:1  | Cast into level 1 of the Abyss (Erolcha)
  8956 | Abyss:1  | 8956 ||| INVOKING Heroism.
  8997 | Abyss:1  | 8997 ||| INVOKING Heroism.
  9000 | Abyss:1  | Noticed a wretched star
  9003 | Abyss:1  | HP: 7/71 [wretched star/lance of force (21)]
  9003 | Abyss:1  | Collided with a stone wall

Levels and vault maps discovered:
D:1:      minmay_arrival_floating_metal, layout_basic
D:2:      layout_rooms, ebering_ecumenical_altar_abandoned, dk_vineyard_1,
          hangedman_feature_mirror
D:3:      layout_rooms, mainiacjoe_overflow_six_doors_small, uniq_grinder
D:4:      layout_cave_pools, nicolae_nh_ransacked_shop
D:5:      layout_basic, st_stairs_9, minmay_misc_feat_square,
          minmay_misc_feat_iff
D:6:      layout_gridville
D:7:      layout_basic, minmay_temple_entry_glass
D:8:      layout_cave_pools, serial_shops, nicolae_square_shop
D:9:      minmay_flawed_box, layout_loops_ring, jmf_multi_god_temple,
          kennysheep_orc_sif_temple, orc_0_dummy, uniq_psyche, uniq_grum
D:10:     cheibrodos_helix_gallery, layout_gridville,
          mainiacjoe_overflow_alcove_1, mainiacjoe_overflow_surrounded_room,
          uniq_erolcha
Temple:   nicolae_temple_slightly_damp_pantheon
Abyss:1:  base: D:2, evilmike_abyss_exit_8

Skill      XL: |  1  2  3  4  5  6  7  8  9 10 11 |
---------------+----------------------------------+-----
Ranged Weapons | 5 7 8 10 11 12 13 | 13.7
Fighting       | 3 5 6 8 9 |  9.0
Dodging        | 2 3 4 5 |  5.0
Armour         | 1 2 4 5 |  5.0
Invocations    | 4 |  4.0
Stealth        | |  1.1

Action                     |  1- 3 |  4- 6 |  7- 9 | 10-12 || total
---------------------------+-------+-------+-------+-------++-------
  Melee: Unarmed           |       |       |       |     6 ||     6
   Fire: Shortbow          |   103 |   121 |   320 |       ||   544
         Orcbow            |       |       |   112 |   502 ||   614
 Invoke: Heroism           |       |       |       |    16 ||    16
    Use: Scroll            |     7 |     3 |     4 |     8 ||    22
         Potion            |       |     2 |     3 |     7 ||    12
 Armour: Leather armour    |    26 |       |       |       ||    26
         Robe              |    14 |    28 |   181 |    73 ||   296
         Ring mail         |       |       |       |    85 ||    85
         Skin              |       |       |       |    18 ||    18
  Dodge: Dodged            |    33 |    23 |   235 |   249 ||   540

Table legend:
 A = Non-vault XP
 B = Vault XP
 C = Vault XP percentage of total XP
 D = Non-vault monster count
 E = Vault monster count
 F = Vault count percentage of total count
                 A         B        C        D         E       F
            +---------+---------+-------+---------+---------+-------
      Total |   10479 |    2652 |  20.2 |     198 |      33 |  14.3
            +---------+---------+-------+---------+---------+-------
        D:1 |      43 |       0 |   0.0 |      20 |       0 |   0.0
        D:2 |      37 |      30 |  44.8 |      16 |       4 |  20.0
        D:3 |      76 |     267 |  77.8 |      16 |       1 |   5.9
        D:4 |     186 |     133 |  41.7 |      12 |       7 |  36.8
        D:5 |     812 |       0 |   0.0 |      19 |       0 |   0.0
        D:6 |    1105 |       0 |   0.0 |      16 |       0 |   0.0
        D:7 |    1495 |       0 |   0.0 |      19 |       0 |   0.0
        D:8 |    1110 |       0 |   0.0 |      23 |       0 |   0.0
        D:9 |    2559 |    1551 |  37.7 |      29 |      19 |  39.6
       D:10 |    1316 |     671 |  33.8 |      21 |       2 |   8.7
    Abyss:1 |    1740 |       0 |   0.0 |       7 |       0 |   0.0
            +---------+---------+-------+---------+---------+-------
